 Dungeon Crawl Stone Soup version 0.30-a0-859-gf88a04b62d (webtiles) character file.

Game seed: 6054228485753374474

11008 NinjaNoafa the Zephyrmancer (level 11, -5/84 HPs)
             Began as a Black Draconian Wanderer on Mar 6, 2023.
             Was a Priest of Vehumet.
             Slain by a fire elemental (14 damage)
             ... summoned by a deep elf pyromancer
             ... on level 10 of the Dungeon.
             The game lasted 00:51:27 (8942 turns).

NinjaNoafa the Zephyrmancer (DrWn)                  Turns: 8942, Time: 00:51:28

Health: -5/84      AC: 10    Str: 18    XL:     11   Next: 43%
Magic:  7/23       EV: 13    Int: 15    God:    Vehumet [***...]
Gold:   66         SH:  0    Dex: 15    Spells: 10/26 levels left

rFire   . . .      SeeInvis .    a - staff of conjuration
rCold   . . .      Faith    .    (no shield)
rNeg    . . .      Spirit   .    (body armour unavailable)
rPois   +          Reflect  .    (helmet restricted)
rElec   +          Rampage  .    y - +0 cloak
rCorr   .                        (no gloves)
Will    .....                    c - +1 pair of boots
Stlth   +                        e - amulet of regeneration
HPRegen 1.14/turn                z - +6 ring of strength
MPRegen 0.18/turn                g - ring of poison resistance

@: short of breath
A: breathe lightning, AC +7, unfitting armour, electricity resistance,
cold-blooded
a: Breathe Lightning, Renounce Religion


You were on level 10 of the Dungeon.
You worshipped Vehumet.
Vehumet was most pleased with you.
You visited 2 branches of the dungeon, and saw 12 of its levels.
You also visited: Sewer.

You collected 501 gold pieces.
You spent 435 gold pieces at shops.

Inventory:

Hand Weapons
 b - a +5 whip of venom
Missiles
 d - 2 silver boomerangs
 n - 17 poisoned darts
 C - 10 boomerangs
 F - 8 curare-tipped darts
Armour
 c - a +1 pair of boots (worn)
 y - a +0 cloak (worn)
Magical Staves
 a - a staff of conjuration (weapon)
Jewellery
 e - an amulet of regeneration (around neck)
 g - a ring of poison resistance (right hand)
 z - a +6 ring of strength (left hand)
 H - a ring of fire
Scrolls
 f - a scroll of fear
 j - 3 scrolls of immolation
 m - 6 scrolls of noise
 p - 2 scrolls of silence
 q - 4 scrolls of teleportation
 r - 4 scrolls of blinking
 t - a scroll of summoning
 u - a scroll of brand weapon {unknown}
 v - 2 scrolls of amnesia
 x - a scroll of torment {unknown}
 A - a scroll of acquirement
 B - a scroll of fog
 D - a scroll of vulnerability
 I - 2 scrolls of poison
Potions
 i - 10 potions of curing
 k - 3 potions of mutation
 l - 2 potions of haste
 o - 2 potions of brilliance
 w - a potion of resistance
 G - a potion of flight
 K - 2 potions of cancellation


   Skills:
 - Level 4.0 Fighting
 - Level 1.0 Short Blades
 - Level 6.0 Maces & Flails
 - Level 4.0 Polearms
 - Level 4.0 Dodging
 + Level 8.0 Spellcasting
 + Level 5.9 Conjurations
 - Level 6.0 Translocations
 - Level 4.0 Fire Magic
 + Level 6.0 Ice Magic
 + Level 9.9 Air Magic


You had 10 spell levels left.
You knew the following spells:

 Your Spells              Type           Power      Damage    Failure   Level
a - Iskenderun's Mystic   Conj/Tloc      35%        2d8       3%          4
b - Kindle Blastsparks    Fire/Tloc/Air  50%        2d14      1%          3
c - Static Discharge      Conj/Air       88%        2-6/arc   1%          2
d - Freezing Cloud        Conj/Ice/Air   20%        6-21      4%          5
e - Blink                 Tloc           48%        N/A       1%          2

Your spell library contained the following spells:

 Spells                   Type           Power      Damage    Failure   Level
 Apportation              Tloc           48%        N/A       1%          1
 Inner Flame              Hex/Fire       12%        N/A       4%          3
 Flame Wave               Conj/Fire      31%        2d9       4%          4
 Sticky Flame             Conj/Fire      31%        2d5       4%          4
 Ignite Poison            Fire/Tmut/Pois 10%        N/A       5%          3
 Fulminant Prism          Conj/Hex       11%        3d8       10%         4
 Manifold Assault         Tloc           24%        N/A       10%         4
 Necrotise                Necr           24%        1d5       12%         1
 Summon Small Mammal      Summ           24%        N/A       12%         1
 Summon Guardian Golem    Hex/Summ       6%         N/A       34%         3
 Lee's Rapid Deconstruct  Erth           3%         3d5*      58%         5
 Orb of Destruction       Conj           17%        9d7       88%         7
 Alistair's Intoxication  Tmut/Pois      4%         N/A       97%         5
 Borgnjor's Vile Clutch   Necr/Erth      3%         N/A       97%         5
 Eringya's Noxious Bog    Tmut/Pois      3%         N/A       98%         6
 Spellforged Servitor     Conj/Summ      11%        N/A       99%         7
 Storm Form               Tmut/Air       10%        N/A       100%        7


Dungeon Overview and Level Annotations

Branches:
Dungeon (11/15)            Temple (1/1) D:6            Lair (0/5) D:9
  Sewer (visited)
    Orc: D:9-12

Altars:
Ashenzari
Cheibriados
Dithmenos
Elyvilon
Fedhas
Gozag
Hepliaklqana
Kikubaaqudgha
Makhleb
Nemelex Xobeh
Okawaru
Qazlal
Ru
Sif Muna
Trog
Uskayaw
Vehumet
Wu Jian
Xom
Yredelemnul
Zin
The Shining One

Shops:
D:3 ?   D:6 *!*   D:9 ?

Annotations:
D:6 Prince Ribbit


Innate Abilities, Weirdness & Mutations

You can breathe wild blasts of lightning.
Your glossy black scales are hard. (AC +7)
You cannot fit into any form of body armour.
You are resistant to electric shocks. (rElec)
You are cold-blooded and may be slowed by cold attacks.


Message History

The fire elemental barely misses you. The fire elemental closely misses you.
You see here a rime drake corpse.
Okay, then.
Activating: Breathe Lightning (3% risk of failure)
Press: ? - help, Q - select action, (/) - cycle Dir - look around, f - activate You breathe a wild blast of lightning!
The orb of electricity explodes!
The orb of electricity engulfs you but does no damage.
You resist.
The orb of electricity engulfs the fire elemental!
The fire elemental resists.
The fire elemental is heavily damaged.
The orb of electricity engulfs the fire elemental!
The fire elemental resists.
The fire elemental is heavily damaged.
The bolt of lightning misses you.
The orb of electricity explodes!
The orb of electricity engulfs you. You resist.
* * * LOW HITPOINT WARNING * * *
The orb of electricity engulfs the fire elemental.
The fire elemental resists.
The fire elemental is heavily damaged.
The orb of electricity engulfs the fire elemental!
The fire elemental resists.
The fire elemental is almost destroyed.
You hear an angry hiss.
The deep elf pyromancer is engulfed in blazing flames.
The fire elemental hits you. The fire elemental burns you!
* * * LOW HITPOINT WARNING * * *
Unknown command.
Unknown command.
Casting: Iskenderun's Mystic Blast (dangerous; 3% risk of failure)
Confirm with . or Enter, or press ? or * to list all spells.
Aiming: Freezing Cloud (dangerous; 4% risk of failure)
Press: ? - help, Dir - move target You feel a surge of power!
The fire elemental is engulfed in freezing vapours.
You destroy the fire elemental!
The fire elemental disappears in a puff of smoke!
The fire elemental hits you. The fire elemental burns you!
You die...

#.###.## ###≈≈≈# .....##
#§§ #.....## #≈≈≈≈≈##
..§...# §§☼§
##...#.#######≈≈≈####..§°.#
.....##..>..# #≈##.§#'...+
# .....#..###.# ##..§§##
......#.# #.# ###○§§§§##
#####.#.# #.###.##§○..##
#.#.# #.##...E#..##.#
####.#.# #.#.#.@#####...#
#.....#.# #..###...##..§..#
......#.# #.#.#.####
#...##. ......#.# #.....#
#.###. ...............##
##.. ........######## /.
.....# .....# .....#


You could see a fire elemental (summoned).

Vanquished Creatures
  2 two-headed ogres (D:10)
  An ugly thing (D:10)
  Joseph (D:9)
  Maggie (D:9)
  Psyche (D:9)
  A rime drake (D:10)
  A komodo dragon (D:9)
  4 trolls
  2 hornets
  Grinder (D:5)
  Sigmund (D:3)
  15 yaks (D:9)
  A wraith (D:10)
  A steam dragon (D:10)
  2 acid dragons
  A water moccasin (D:5)
  2 orc warriors
  Pargi (Sewer)
  2 black bears (D:6)
  An ice beast (D:5)
  An ogre (D:5)
  2 centaurs
  A phantom (D:6)
  3 kobold brigands
  A gnoll sergeant (D:5)
  4 bullfrogs
  2 scorpions (D:5)
  9 wights
  9 killer bees
  4 howler monkeys
  8 orc priests
  3 hounds
  4 jellies
  A gnoll bouda (D:4)
  11 orc wizards
  12 adders
  8 gnolls
  A shadow imp (D:6)
  An ufetubus (D:7)
  2 worms
  4 dart slugs
  59 orcs
  2 bats (D:2)
  6 endoplasms
  3 giant cockroaches
  5 goblins
  10 hobgoblins
  16 jackals
  19 kobolds
  6 quokkas
  7 ball pythons
  14 frilled lizards
  8 rats
288 creatures vanquished.

Vanquished Creatures (others)
  13 fungi (D:6)
  28 plants
41 creatures vanquished.

Grand Total: 329 creatures vanquished

Notes
Turn   | Place    | Note
-------+----------+-------------------------------------------
     0 | D:1      | NinjaNoafa the Draconian Wanderer began the quest for the
                  | Orb.
     0 | D:1      | NinjaNoafa set off with the following items: a +2 spear, a
                  | +0 short sword, a +0 pair of boots, a potion of
                  | lignification.
     0 | D:1      | Reached XP level 1. HP: 17/17 MP: 1/1
   249 | D:1      | Reached skill level 1 in Maces & Flails
   249 | D:1      | Reached XP level 2. HP: 25/25 MP: 2/2
   867 | D:2      | Reached XP level 3. HP: 30/30 MP: 3/3
  1319 | D:3      | Reached XP level 4. HP: 37/37 MP: 4/4
  1339 | D:3      | Noticed Sigmund
  1350 | D:3      | Killed Sigmund
  1351 | D:3      | Reached skill level 5 in Maces & Flails
  1351 | D:3      | Reached XP level 5. HP: 36/42 MP: 5/5
  1512 | D:3      | Found Utaoneoz's Magic Scroll Shoppe.
  1537 | D:3      | Bought 2 scrolls of identify for 44 gold pieces
  1537 | D:3      | Bought a scroll of identify for 22 gold pieces
  1537 | D:3      | Bought a scroll of teleportation for 33 gold pieces
  1537 | D:3      | Bought a scroll of identify for 22 gold pieces
  1596 | D:3      | Found a glowing drain.
  1603 | D:3      | Reached XP level 6. HP: 50/50 MP: 6/6
  1610 | Sewer    | Entered a sewer
  1668 | Sewer    | Noticed Pargi
  1679 | Sewer    | Killed Pargi
  1996 | D:4      | Found a broken altar of Ashenzari.
  2044 | D:3      | Bought a scroll of identify for 22 gold pieces
  2044 | D:3      | Bought a scroll of immolation for 44 gold pieces
  2141 | D:4      | Reached skill level 1 in Fire Magic
  2154 | D:4      | Reached skill level 1 in Air Magic
  2186 | D:4      | Reached skill level 1 in Translocations
  2206 | D:4      | Reached skill level 1 in Spellcasting
  2259 | D:4      | Your scales start taking on a glossy black colour.
  2259 | D:4      | Reached skill level 2 in Air Magic
  2259 | D:4      | Reached XP level 7. HP: 34/56 MP: 8/8
  2259 | D:4      | Gained mutation: You are resistant to electric shocks.
                  | (rElec) [Black Draconian growth]
  2650 | D:5      | Entered Level 5 of the Dungeon
  2793 | D:5      | Reached skill level 3 in Air Magic
  2974 | D:5      | Noticed Grinder
  2981 | D:5      | Killed Grinder
  2982 | D:5      | Reached skill level 4 in Air Magic
  2982 | D:5      | Reached XP level 8. HP: 56/62 MP: 10/10
  3160 | D:5      | Learned a level 2 spell: Blink
  3246 | D:5      | Found a shadowy altar of Dithmenos.
  3247 | D:5      | Found a white marble altar of Elyvilon.
  3251 | D:5      | Found a stormy altar of Qazlal.
  3251 | D:5      | Found a glowing golden altar of the Shining One.
  3402 | D:5      | Found a shimmering altar of Xom.
  3403 | D:5      | Found a hazy altar of Hepliaklqana.
  3404 | D:5      | Noticed a spectral ugly thing
  3624 | D:6      | Learned a level 3 spell: Kindle Blastsparks
  3699 | D:6      | Found Ahoqaetz's Weapon Boutique.
  3801 | D:6      | Found a staircase to the Ecumenical Temple.
  3810 | D:6      | Found a blossoming altar of Fedhas.
  3824 | Temple   | Entered the Ecumenical Temple
  4053 | Temple   | Became a worshipper of Vehumet
  4082 | D:6      | Found a glowing silver altar of Zin.
  4086 | D:6      | Noticed Prince Ribbit
  4163 | D:6      | Reached skill level 5 in Translocations
  4165 | D:6      | HP: 3/91 [wight/+1 short sword of electrocution (16)]
  4168 | D:6      | Reached XP level 9. HP: 28/68 MP: 14/14
  4489 | D:6      | Noticed a troll
  4514 | D:6      | Killed a troll
  4674 | D:6      | Found Piolodips's General Store.
  4683 | D:6      | Bought a scroll of identify for 20 gold pieces
  4683 | D:6      | Bought a potion of curing for 30 gold pieces
  4683 | D:6      | Bought a scroll of identify for 20 gold pieces
  4718 | D:6      | Found Umusyuh's Distillery.
  4790 | D:3      | Bought a scroll of vulnerability for 44 gold pieces
  4875 | D:6      | Found Sanafig's General Store.
  4878 | D:6      | Bought 2 potions of degeneration for 24 gold pieces
  5320 | D:7      | Reached * piety under Vehumet
  5320 | D:7      | Offered knowledge of Freeze by Vehumet.
  5321 | D:7      | Reached skill level 1 in Ice Magic
  5321 | D:7      | Reached skill level 5 in Air Magic
  5325 | D:7      | Reached skill level 1 in Conjurations
  5764 | D:7      | Reached skill level 5 in Spellcasting
  5847 | D:7      | Noticed a deep elf pyromancer
  6198 | D:8      | Reached skill level 6 in Air Magic
  6368 | D:8      | Offered knowledge of Scorch by Vehumet.
  6640 | D:8      | Reached ** piety under Vehumet
  6641 | D:8      | Reached XP level 10. HP: 72/77 MP: 14/18
  7107 | D:9      | Offered knowledge of Static Discharge by Vehumet.
  7131 | D:9      | Reached skill level 7 in Air Magic
  7188 | D:9      | Learned a level 2 spell: Static Discharge
  7224 | D:9      | Noticed Psyche
  7237 | D:9      | Killed Psyche
  7237 | D:9      | Reached *** piety under Vehumet
  7262 | D:9      | Noticed Maggie
  7288 | D:9      | Killed Maggie
  7361 | D:9      | Noticed Joseph
  7388 | D:9      | Reached skill level 8 in Air Magic
  7533 | D:9      | Found a staircase to the Lair.
  7544 | D:9      | Learned a level 5 spell: Freezing Cloud
  7638 | D:9      | Found Diof's Magic Scroll Shoppe.
  7646 | D:9      | Bought a scroll of identify for 22 gold pieces
  7646 | D:9      | Bought a scroll of identify for 22 gold pieces
  7646 | D:9      | Bought a scroll of identify for 22 gold pieces
  7646 | D:9      | Bought a scroll of amnesia for 44 gold pieces
  7690 | D:9      | Offered knowledge of Flame Wave by Vehumet.
  7691 | D:9      | Reached skill level 9 in Air Magic
  7706 | D:10     | Entered Level 10 of the Dungeon
  7799 | D:10     | Noticed a two-headed ogre
  7808 | D:10     | Reached XP level 11. HP: 52/84 MP: 2/22
  7813 | D:10     | Killed a two-headed ogre
  7814 | D:10     | Reached skill level 5 in Conjurations
  7814 | D:10     | Reached skill level 5 in Ice Magic
  7958 | D:9      | Killed Joseph
  8094 | D:10     | Noticed a white ugly thing
  8104 | D:10     | Killed a white ugly thing
  8637 | D:10     | Upgraded the game from 0.30-a0-857-gcaf70739d4 to
                  | 0.30-a0-859-gf88a04b62d
  8716 | D:10     | Learned a level 4 spell: Iskenderun's Mystic Blast
  8726 | D:10     | Noticed a two-headed ogre
  8739 | D:10     | Killed a two-headed ogre
  8834 | D:10     | Identified 2 scrolls of acquirement
  8854 | D:10     | Acquired a staff of conjuration
  8924 | D:10     | Noticed a deep elf pyromancer
  8942 | D:10     | Slain by a fire elemental

Illustrated notes

Levels and vault maps discovered:
D:1:      amcnicky_arrival_flooded_fountain, layout_basic
D:2:      layout_loops_ring, hangedman_decor_points, grunt_ministairs_7
D:3:      layout_rooms, portal_sewer_entry_b, serial_shops, nicolae_shop_stone,
          minmay_lizard_king, uniq_sigmund
D:4:      layout_basic, nicolae_ashenzari_skybound, nicolae_half_adder
D:5:      cheibrodos_thug_alley, layout_loops_ring,
          regret_index_temple_of_mockery,
          chequers_temple_overflow_statue_of_worship, serial_bayou_pond_a,
          uniq_grinder
D:6:      layout_loops_cross, fedhas_altar_3, nicolae_overflow_hidden_temple,
          temple_statues, serial_shops, nicolae_shop_waterfront, shop, shop,
          kennysheep_mini_moat, uniq_prince_ribbit1
D:7:      layout_basic, minivault_25, kennysheep_crisscross,
          lightli_corner_chamber
D:8:      layout_loops_cross, special_room [special_room_orc]
D:9:      layout_gridville, david_lair_shrubbed, serial_shops, shop_scrolls,
          library_closet, uniq_joseph, uniq_maggie, uniq_psyche
D:10:     layout_loops_ring, dilly_guarded_unrand_elemental_staff
D:11:     layout_basic
Temple:   nicolae_temple_figure_eight

Skill      XL: |  1  2  3  4  5  6  7  8  9 10 11 |
---------------+----------------------------------+-----
Maces & Flails | 1 2 3 5 6 |  6.0
Fire Magic     | 1 3 4 |  4.0
Air Magic      | 2 4 6 9 |  9.9
Translocations | 1 3 5 6 |  6.0
Spellcasting   | 1 3 5 7 8 |  8.0
Dodging        | 4 |  4.0
Fighting       | 4 |  4.0
Ice Magic      | 3 4 6 |  6.0
Conjurations   | 3 4 5 |  5.9
Short Blades   | |  1.0
Polearms       | |  4.0

Action                     |  1- 3 |  4- 6 |  7- 9 | 10-12 || total
---------------------------+-------+-------+-------+-------++-------
  Melee: Whip              |    91 |   183 |   206 |    55 ||   535
         Spear             |     5 |       |       |       ||     5
         Tailslap          |    11 |    17 |    28 |     9 ||    65
         Punch             |       |     1 |     5 |       ||     6
         Unarmed           |       |       |    30 |       ||    30
         Staff             |       |       |       |     2 ||     2
  Throw: Dart              |       |       |       |     5 ||     5
   Cast: Kindle Blastspark |       |       |    36 |    53 ||    89
         Blink             |       |       |    13 |     8 ||    21
         Static Discharge  |       |       |       |    22 ||    22
         Freezing Cloud    |       |       |       |    13 ||    13
         Iskenderun's Myst |       |       |       |     4 ||     4
Ability: Breathe Lightning |       |       |    29 |    18 ||    47
    Use: Scroll            |       |     8 |    10 |    11 ||    29
         Potion            |       |     1 |     7 |     6 ||    14
   Stab: Sleeping          |     2 |       |       |       ||     2
         Invisible         |       |       |     4 |       ||     4
 Armour: Skin              |    42 |    74 |   192 |    49 ||   357
  Dodge: Dodged            |    97 |   139 |   191 |   128 ||   555

Table legend: (Time is in decaauts)
 A = Elapsed time spent in this place.
 B = Non-inter-level travel time spent in this place.
 C = Inter-level travel time spent in this place.
 D = Time resting spent in this place.
 E = Time spent auto-exploring this place.
 F = Levels seen in this place.
 G = Mean time per level.
                   A        B        C        D        E       F      G
               +--------+--------+--------+--------+--------+-----+--------+
         Total |   8900 |   7943 |    957 |     12 |   5360 |  13 |  684.6 |
       Dungeon |   8529 |   7613 |    916 |     12 |   5093 |  11 |  775.4 |
        Temple |    247 |    206 |     41 |      0 |    199 |   1 |  247.0 |
         Sewer |    122 |    122 |      0 |      0 |     67 |   1 |  122.0 |
               +--------+--------+--------+--------+--------+-----+--------+

Top non-repeatable levels by time:
     D:6: 1191 daAuts
     D:8: 1106 daAuts
     D:5: 1026 daAuts
     D:7: 939 daAuts
     D:9: 908 daAuts
    D:10: 760 daAuts
     D:4: 689 daAuts
     D:2: 678 daAuts
     D:3: 646 daAuts
     D:1: 570 daAuts
  Temple: 247 daAuts
   Sewer: 122 daAuts
    D:11: 11 daAuts
